AoeStats
← Herun

Black Forest

505610474Analyzed
1v1 RM · 23d ago on Sep 10, 2026· 27m 35s· 2 players
Game mode
Random Map
Map size
Tiny (2 player)
Population
200
Speed
Normal
Resources
Standard
Victory
Conquest
Starting age
Dark Age
Ending age
Imperial Age
RankedLock teamsTeams togetherTeam positionsShared explorationLock speedFull tech treeHidden civsTurbo modeCheats
Victory
Defeat
🇹🇷 Cumans · Türkiye
685
+14
🇲🇽 Tatars · Mexico
636
-14
Herun
0:27 Loom
12:53 Feudal Age
20:04 Castle Age
17:44 Man-at-Arms
18:49 Scale Mail Armor
19:27 Forging
21:25 Iron Casting
21:24 Chain Mail Armor
20:58 Long Swordsman
24:53 Scale Barding Armor
axelivan2305
4:39 Loom
11:48 Feudal Age
12:09 Horse Collar
12:17 Town Watch
13:34 Double-Bit Axe
18:58 Castle Age
18:39 Wheelbarrow
19:57 Bow Saw
19:50 Heavy Plow
23:12 Stone Mining
23:14 Gold Mining
25:10 Gold Shaft Mining
25:54 Hand Cart
27:25 Fletching
28:11 Ballistics
Connection lost

Rejoining the realm…

Still unreachable

The connection could not be restored.

Session expired

The server has moved on; the page needs a fresh start.